 Dungeon Crawl Stone Soup version 0.20.1-1-g8b1a95d (webtiles) character file.

4027 Gargoyl the Protected (level 10, -14/86 HPs)
             Began as a Minotaur Abyssal Knight on Sept 2, 2017.
             Was an Elder of Lugonu.
             Succumbed to Sonja's poison
             ... on level 8 of the Dungeon.
             The game lasted 00:18:52 (7998 turns).

Gargoyl the Protected (Minotaur Abyssal Knight)     Turns: 7998, Time: 00:18:52

Health: -14/86     AC: 14    Str: 19    XL:     10   Next: 4%
Magic:  13/13      EV:  7    Int:  9    God:    Lugonu [****..]
Gold:   518        SH:  4    Dex: 13    Spells: 9/9 levels left

rFire    . . .     SeeInvis .   a - +7 hand axe
rCold    . . .     Gourm    .   r - +0 buckler
rNeg     . . .     Faith    .   d - +2 plate armour
rPois    .         Spirit   .   (helmet restricted)
rElec    .         Reflect  .   (no cloak)
rCorr    .         Harm     .   (no gloves)
MR       .....                  (no boots)
Stlth    ..........             y - amulet of rage
Regen    0.3/turn               (no ring)
MPRegen  0.2/turn               n - +1 ring of protection

@: lethally poisoned (-14 -> -140), berserk cooldown, slowed, very slow
A: retaliatory headbutt, hooves 1, horns 2, icy blue scales 1, thin skeletal
structure 1, deformed body
a: Depart the Abyss, Bend Space, Banish, Corrupt, Renounce Religion, Evoke
Berserk Rage


You were on level 8 of the Dungeon.
You worshipped Lugonu.
Lugonu was greatly pleased with you.
You were near starving.

You visited 2 branches of the dungeon, and saw 9 of its levels.
You visited the Abyss 2 times.
You also visited: Sewer.

You collected 518 gold pieces.

Inventory:

Hand Weapons
 a - a +7 hand axe (weapon)
Missiles
 b - 7 javelins of penetration (quivered)
Armour
 d - a +2 plate armour (worn)
 r - a +0 buckler (worn)
Jewellery
 n - a +1 ring of protection (right hand)
 y - an amulet of rage (around neck)
Wands
 h - a wand of confusion (15/48)
 s - a wand of random effects (13/48)
 u - a wand of polymorph (12/24)
 w - a wand of random effects (43/48)
 B - a wand of confusion (18/48)
 E - a wand of digging (11/24)
Scrolls
 e - 8 scrolls of teleportation
 f - a scroll of blinking
 j - a scroll of silence {unknown}
 D - 2 scrolls of remove curse
Potions
 g - a potion of curing
 k - 2 potions of agility {unknown}
 p - 2 potions of heal wounds
 q - a potion of degeneration {unknown}
 t - a potion of magic {unknown}
 v - 2 potions of might {unknown}
 x - a potion of berserk rage {unknown}
 z - a potion of lignification
Books
 l - a book of Changes

   Spells                             Type                      Level
   a - Beastly Appendage              Transmutation                1
   b - Sticks to Snakes               Transmutation                2
   c - Spider Form                    Transmutation/Poison         3
   d - Ice Form                       Ice/Transmutation            4
   e - Blade Hands                    Transmutation                5
 m - a book of Air

   Spells                             Type                      Level
   a - Shock                          Conjuration/Air              1
   b - Swiftness                      Charms/Air                   2
   c - Static Discharge               Conjuration/Air              3
   d - Airstrike                      Air                          4
   e - Lightning Bolt                 Conjuration/Air              5
Comestibles
 c - 3 bread rations
 i - 2 meat rations
 o - a royal jelly
 A - 5 fruits


   Skills:
 + Level 7.1 Fighting
 + Level 9.3 Axes
 + Level 1.1 Throwing
 * Level 10.6 Armour
 + Level 2.6 Dodging
 + Level 2.8 Shields
 * Level 6.2 Invocations
 + Level 0.1 Evocations


You had 9 spell levels left.
You didn't know any spells.

Dungeon Overview and Level Annotations

Branches:
Dungeon (8/15)             Temple (0/1) D:6            Lair (1/6) D:8

Altars:

Shops:
D:5 *

Annotations:
D:8 Sonja


Innate Abilities, Weirdness & Mutations

You reflexively headbutt those who attack you in melee.
You have a pair of horns on your head.
You have large cloven feet.
You are partially covered in icy blue scales. (AC +2)
You have a somewhat thin skeletal structure. (Dex +2, Stealth)
Armour fits poorly on your strangely shaped body.


Message History

Sonja hits you but does no damage.
You are more poisoned.
* * * LOW HITPOINT WARNING * * *
You feel extremely sick. The water moccasin barely misses you.
Sonja hits you but does no damage.
You are more poisoned.
Sonja hits you but does no damage.
You are more poisoned.
Sonja hits you but does no damage.
You are more poisoned.
The water moccasin bites you but does no damage.
Sonja hits you but does no damage.
You are more poisoned.
Sonja barely misses you. Sonja hits you but does no damage.
You are more poisoned.
The yak gores you.
* * * LOW HITPOINT WARNING * * *
The water moccasin closely misses you.
You climb upwards.
Welcome back to the Dungeon!
You die... ......######.###.######## ####### #.###.### ##..PP...### ##.....PP.P.## #...PPP.P.P.P# ##...P....P.P.## ##### #PPP.P.PPP.PP..#

#.... ##P.P..####P.P..#
#.### #..PP.P#Y@#...P.##
#.# #
########..P...[KS#P.P...#
#.# #
.............P####..P...#
#.# #
.#######......P.PrP.....#
#.### ..#
#...PPP...P.P...## #....
#.# #..P.P.P.P.P....#
##### ..#
####P...P.P...#.# # ###
##.P....P###.##### # #
##'##.#### #.....# #


You could see a yak, Sonja and a water moccasin.

Vanquished Creatures
  Psyche (D:8)
  5 yaks
  Grum (D:8)
  A water moccasin (D:8)
  3 porcupines (D:8)
  An orc warrior (D:8)
  A necrophage (D:6)
  2 ogres
  A phantom (D:8)
  2 wolves (D:8)
  A centaur (D:8)
  A crocodile (Lair:1)
  4 big kobolds (Sewer)
  2 scorpions
  6 killer bees (D:8)
  5 howler monkeys
  A bullfrog zombie (D:7)
  2 crimson imps
  A quasit (D:5)
  2 orc priests (D:4)
  A hound (D:6)
  A bullfrog skeleton (D:8)
  A jelly (D:6)
  A centaur skeleton (D:7)
  An orc wizard (D:6)
  7 worker ants
  A killer bee zombie (D:6)
  A hound zombie (D:6)
  A hound skeleton (D:4)
  7 gnolls
  8 adders
  A river rat (Sewer)
  A shadow imp (D:8)
  3 oozes
  2 adder skeletons
  An adder zombie (D:6)
  6 worms
  4 dart slugs
  A leopard gecko (D:3)
  15 orcs
  5 giant cockroaches
  4 hobgoblins
  14 jackals
  4 quokkas
  9 ball pythons
  5 bats
  7 frilled lizards
  10 goblins
  A jackal skeleton (D:4)
  9 kobolds
  2 leopard gecko skeletons
  A leopard gecko zombie (D:8)
  A quokka skeleton (D:4)
  16 rats
  A plant (Lair:1)
196 creatures vanquished.

Vanquished Creatures (others)
  A fungus (D:8)
1 creature vanquished.

Grand Total: 197 creatures vanquished

Notes
Turn   | Place    | Note
-------+----------+-------------------------------------------
     0 | Abyss:1  | Gargoyl the Minotaur Abyssal Knight began the quest for the Orb.
     0 | Abyss:1  | Reached XP level 1. HP: 19/19 MP: 1/1
    62 | Abyss:1  | Gained mutation: You are partially covered in icy blue scales. (AC +2) [potion of mutation]
    62 | Abyss:1  | Gained mutation: Scrolls take you a little longer to read. [potion of mutation]
    62 | Abyss:1  | Gained mutation: You evolve. [potion of mutation]
   193 | Abyss:2  | Found a corrupted altar of Lugonu.
   239 | Abyss:2  | Noticed a large abomination
   245 | Abyss:2  | Noticed a large abomination
   245 | Abyss:2  | Noticed a wretched star
   247 | D:1      | Escaped the Abyss
   290 | D:1      | Reached * piety under Lugonu
   314 | D:1      | Reached XP level 2. HP: 27/27 MP: 2/2
   700 | D:1      | Reached skill level 3 in Armour
   860 | D:2      | Reached XP level 3. HP: 32/33 MP: 3/3
  1043 | D:2      | Reached ** piety under Lugonu
  1713 | D:3      | Reached XP level 4. HP: 41/41 MP: 4/4
  1953 | D:4      | Reached skill level 4 in Armour
  1988 | D:4      | Reached XP level 5. HP: 42/47 MP: 5/5
  2072 | D:4      | Noticed an ogre
  2231 | D:4      | Killed an ogre
  2231 | D:4      | Reached skill level 5 in Armour
  2231 | D:4      | Reached XP level 6. HP: 37/53 MP: 7/7
  2450 | D:4      | Reached skill level 5 in Fighting
  2612 | D:4      | Reached *** piety under Lugonu
  2832 | D:5      | Entered Level 5 of the Dungeon
  2977 | D:5      | Found Umnoxutu's Elemental Accessories.
  3160 | D:5      | Reached skill level 5 in Axes
  3542 | D:5      | Found a glowing drain.
  3560 | Sewer    | Entered a sewer
  3587 | Sewer    | Reached skill level 6 in Armour
  3646 | Sewer    | Reached XP level 7. HP: 26/61 MP: 8/8
  4451 | D:6      | Found a staircase to the Ecumenical Temple.
  4527 | D:6      | Lost mutation: Scrolls take you a little longer to read. [potion of mutation]
  4527 | D:6      | Lost mutation: You evolve. [potion of mutation]
  4527 | D:6      | Gained mutation: You have a somewhat thin skeletal structure. (Dex +2, Stealth) [potion of mutation]
  4527 | D:6      | Gained mutation: Armour fits poorly on your strangely shaped body. [potion of mutation]
  4527 | D:6      | Gained mutation: You have large cloven feet. [potion of mutation]
  4916 | D:6      | Reached skill level 1 in Shields
  5100 | D:6      | Reached skill level 7 in Armour
  5159 | D:6      | Reached XP level 8. HP: 63/70 MP: 9/9
  5577 | D:7      | Reached **** piety under Lugonu
  5917 | D:7      | Reached skill level 8 in Armour
  6305 | D:8      | Reached XP level 9. HP: 78/78 MP: 11/11
  6338 | D:8      | Reached skill level 5 in Invocations
  6585 | D:8      | Reached skill level 9 in Armour
  6627 | D:8      | Noticed Psyche
  6884 | D:8      | Cast into level 1 of the Abyss (Psyche)
  6895 | D:8      | Escaped the Abyss
  6901 | D:8      | Killed Psyche
  7354 | D:8      | Found a staircase to the Lair.
  7360 | D:8      | Reached skill level 1 in Throwing
  7360 | D:8      | Reached skill level 10 in Armour
  7490 | D:8      | Noticed Grum
  7510 | D:8      | Killed Grum
  7894 | Lair:1   | Entered Level 1 of the Lair of Beasts
  7951 | Lair:1   | Noticed Sonja
  7974 | Lair:1   | Reached XP level 10. HP: 82/86 MP: 13/13
  7998 | D:8      | Succumbed to Sonja's poison

Skill      XL: |  1  2  3  4  5  6  7  8  9 |
---------------+----------------------------+-----
Invocations    | 2 3 4 6 |  6.2
Fighting       | 4 5 6 7 |  7.1
Armour         | 3 4 5 6 7 8 10 | 10.6
Axes           | 3 4 5 6 7 9 |  9.3
Shields        | 1 2 |  2.8
Dodging        | 2 |  2.6
Throwing       | 1 |  1.1
Evocations     | |  0.1

Action                   |  1- 3 |  4- 6 |  7- 9 | 10-12 || total
-------------------------+-------+-------+-------+-------++-------
Melee: Hand axe          |    85 |   203 |   329 |     3 ||   620
       Headbutt          |    13 |    18 |    60 |     1 ||    92
       Kick              |       |       |    76 |     2 ||    78
Throw: Javelin           |       |     1 |     7 |       ||     8
Invok: Depart the Abyss  |     1 |       |     1 |       ||     2
 Abil: Evoke Berserk Rag |       |       |     1 |       ||     1
  Use: Scroll            |     3 |     5 |    12 |       ||    20
       Potion            |     2 |     3 |     5 |     1 ||    11
  Eat: Chunk             |     2 |     7 |    14 |       ||    23
Armor: Plate armour      |    80 |   198 |   219 |    21 ||   518
       Skin              |       |     8 |       |       ||     8
Dodge: Dodged            |    30 |    68 |   122 |    10 ||   230
Block: Buckler           |       |    12 |    54 |     5 ||    71
